 Dungeon Crawl Stone Soup version 0.30.0-10-gfe55d96785 (webtiles) character file.

Game seed: 9243793080618347681

2 SnakkuSnakku7 the Stinger (level 1, -1/9 HPs)
             Began as a Vine Stalker Venom Mage on May 14, 2023.
             Slain by a hobgoblin (2 damage)
             ... on level 1 of the Dungeon.
             The game lasted 00:00:13 (126 turns).

SnakkuSnakku7 the Stinger (Vine Stalker Venom Mage)  Turns: 126, Time: 00:00:14

Health: -1/9       AC:  2    Str: 10    XL:     1   Next: 30%
Magic:  0/4        EV: 12    Int: 15    God:
Gold:   0          SH:  0    Dex: 14    Spells: 3/4 levels left

rFire   . . .        (no weapon)
rCold   . . .        (no shield)
rNeg    . . .        a - +0 robe
rPois   .            (no helmet)
rElec   .            (no cloak)
rCorr   .            (no gloves)
SInv    .            (no boots)
Will    .....        (no amulet)
Stlth   ++           (no ring)
HPRegen 0.21/turn    (no ring)
MPRegen 0.09/turn

%: guardian spirit
@: no status effects
A: fangs 2, magic shield, antimagic bite, no potion heal 2
a: no special abilities


You were on level 1 of the Dungeon.
You visited 1 branch of the dungeon, and saw 1 of its levels.

Inventory:

Armour
 a - a +0 robe (worn)
Potions
 b - a potion of magic


   Skills:
 + Level 0.2 Fighting
 - Level 1.5 Dodging
 - Level 2.4 Stealth
 + Level 0.3 Unarmed Combat
 - Level 2.1 Spellcasting
 - Level 1.0 Transmutations
 - Level 3.0 Poison Magic


You had 3 spell levels left.
You knew the following spells:

 Your Spells              Type           Power      Damage    Failure   Level
a - Sting                 Tmut/Pois      28%        1d4       10%         1

Your spell library contained the following spells:

 Spells                   Type           Power      Damage    Failure   Level
 Poisonous Vapours        Pois/Air       12%        N/A       19%         2
 Mephitic Cloud           Conj/Pois/Air  4%         N/A       41%         3
 Olgreb's Toxic Radiance  Pois           10%        N/A       54%         4


Dungeon Overview and Level Annotations

Branches:
Dungeon (1/15)

Altars:


Innate Abilities, Weirdness & Mutations

You have extremely sharp teeth.
When hurt, damage is shared between your health and your magic reserves.
Your bite disrupts and absorbs the magic of your enemies.
Potions cannot restore your health.


Message History

Welcome, SnakkuSnakku7 the Vine Stalker Venom Mage.
Everyone else who sought the Orb of Zot has failed.
Will you be different?
Press ? for a list of commands and other information.
Found a staircase leading out of the dungeon.
Found 6 poisoned darts.
You see here 6 poisoned darts.
Found an escape hatch in the floor.
A kobold and an endoplasm come into view.
The endoplasm quivers.
The endoplasm freezes you.
You are frozen.
You hit the endoplasm.
The endoplasm is lightly wounded.
The endoplasm freezes you.
You are frozen.
You hit the endoplasm.
The endoplasm is severely wounded.
The endoplasm freezes you.
You are frozen.
You hit the endoplasm.
You kill the endoplasm!
The kobold shouts!
You hear a shout!
The kobold closely misses you.
You hit the kobold.
You kill the kobold!
A hobgoblin comes into view.
Things that are here:
a +0 dagger; 4 stones You closely miss the hobgoblin.
You bite the hobgoblin, but do no damage.
The hobgoblin hits you.
* * * LOW HITPOINT WARNING * * *
You hit the hobgoblin but do no damage. The hobgoblin closely misses you.
You closely miss the hobgoblin.
You bite the hobgoblin, but do no damage.
The hobgoblin hits you.
* * * LOW HITPOINT WARNING * * *
You closely miss the hobgoblin. The hobgoblin barely misses you.
You hit the hobgoblin but do no damage. The hobgoblin hits you.
You die...

#########
#######.......#
........#####.#
######### #.# #
#.# # ####.####
# #.....)@# ##
#.##.##g#
.####### #
#.##.# ........
...... .#######
#.#.#.## #####
.. .... ....#
... ...# ....#
##. ... ....#


You could see a hobgoblin.

Vanquished Creatures
  An endoplasm (D:1)
  A kobold (D:1)
2 creatures vanquished.

Notes
Turn   | Place    | Note
-------+----------+-------------------------------------------
     0 | D:1      | SnakkuSnakku7 the Vine Stalker Venom Mage began the quest
                  | for the Orb.
     0 | D:1      | Reached XP level 1. HP: 9/9 MP: 4/4
   126 | D:1      | Slain by a hobgoblin

Illustrated notes

Levels and vault maps discovered:
D:1:      dpeg_arrival_solitude, layout_loops_ring, ebering_ecumenical_altar_box

Action                     || total
---------------------------++-------
  Melee: Unarmed           ||     9
         Bite              ||     2
  Dodge: Dodged            ||     3
